 Dungeon Crawl Stone Soup version 0.22-a0-775-ga7d80019b5 (webtiles) character file.

68 Mirvelgyr the Chopper (level 4, -1/60 HPs)
             Began as a Minotaur Berserker on July 18, 2018.
             Was a Believer of Trog.
             Slain by an adder (2 damage)
             ... on level 2 of the Dungeon.
             The game lasted 00:01:23 (825 turns).

Mirvelgyr the Chopper (Minotaur Berserker)           Turns: 825, Time: 00:01:24

Health: -1/60      AC:  2    Str: 27    XL:     4   Next: 1%
Magic:  3/3        EV: 12    Int:  4    God:    Trog [**....]
Gold:   36         SH:  0    Dex: 10    Spells: 3/3 levels left

rFire    . . .     SeeInvis .   a - +0 hand axe
rCold    . . .     Gourm    .   (no shield)
rNeg     . . .     Faith    .   b - +0 animal skin
rPois    .         Spirit   .   (helmet restricted)
rElec    .         Reflect  .   (no cloak)
rCorr    .         Harm     .   (no gloves)
MR       .....                  (no boots)
Stlth    ..........             (no amulet)
HPRegen  0.20/turn              (no ring)
MPRegen  0.08/turn              (no ring)

@: berserking, lethally poisoned (-1 -> -11), very quick
A: retaliatory headbutt, horns 2
a: Berserk, Trog's Hand, Renounce Religion


You were on level 2 of the Dungeon.
You worshipped Trog.
Trog was pleased with you.
You were hungry.

You visited 1 branch of the dungeon, and saw 2 of its levels.

You collected 36 gold pieces.

Inventory:

Hand Weapons
 a - a +0 hand axe (weapon)
Armour
 b - a +0 animal skin (worn)
Jewellery
 l - an uncursed ring of protection from cold {unknown}
Scrolls
 e - a scroll of teleportation {unknown}
 g - 2 scrolls of remove curse {unknown}
 j - a scroll of enchant weapon {unknown}
Potions
 d - a potion of lignification {unknown}
 h - a potion of resistance {unknown}
 i - a potion of invisibility {unknown}
 k - a potion of agility {unknown}
 m - a potion of curing {unknown}
Comestibles
 c - 3 rations
 f - 3 chunks of flesh


   Skills:
 + Level 4.2 Fighting
 * Level 4.7 Axes
 + Level 3.1 Armour
 + Level 2.9 Dodging


You had 3 spell levels left.
You didn't know any spells.
Your spell library was empty.

Dungeon Overview and Level Annotations

Branches:
Dungeon (2/15)

Altars:


Innate Abilities, Weirdness & Mutations

You reflexively headbutt those who attack you in melee.
You have a pair of horns on your head.


Message History

You closely miss the adder. The adder bites you.
* * * LOW HITPOINT WARNING * * *
You are more poisoned.
The adder poisons you! The adder closely misses you.
You barely miss the adder. Your headbutt misses the adder.
The adder is severely wounded.
You barely miss the adder.
* * * LOW HITPOINT WARNING * * *
You feel sick. The adder bites you.
* * * LOW HITPOINT WARNING * * *
The adder closely misses you.
You slash the adder!
You kill the adder!
Trog accepts your kill.
You have reached level 4!
You feel agile.
You hit the adder.
* * * LOW HITPOINT WARNING * * *
You feel sick. The adder bites you.
You die...

.#####..######.#
# #....)..... .
#.########. ###.
##.# #. ...#
##.#.# #. #..#
##.##.# #.
.$###..)..# #.
#S#...#### #.
#@†#.## ..
#..#.# .. #..#.#
...... ♣♣♣.###
..# ♣.# ###


You could see an adder.

Vanquished Creatures
  2 adders (D:2)
  An ooze (D:1)
  2 dart slugs (D:1)
  3 giant cockroaches
  8 goblins (D:1)
  4 hobgoblins
  3 jackals (D:2)
  A quokka (D:2)
  6 bats (D:1)
  A frilled lizard (D:1)
  4 kobolds (D:1)
  4 rats (D:1)
39 creatures vanquished.

Notes
Turn   | Place    | Note
-------+----------+-------------------------------------------
     0 | D:1      | Mirvelgyr the Minotaur Berserker began the quest for the Orb.
     0 | D:1      | Reached XP level 1. HP: 19/19 MP: 0/0
   140 | D:1      | Reached XP level 2. HP: 27/27 MP: 1/1
   400 | D:1      | Reached XP level 3. HP: 27/33 MP: 2/2
   806 | D:2      | Reached ** piety under Trog
   824 | D:2      | HP: 1/49 [adder (3)]
   825 | D:2      | Reached XP level 4. HP: 2/40 MP: 3/3
   825 | D:2      | Slain by an adder

Vault maps used:
D:1:      lemuel_arrival_muddy, nrook_uturn, serial_bayou_lagoon_a, st_stairs_4
D:2:      nicolae_overflow_hidden_temple, serial_forest,
          infiniplex_forest_straight_1, infiniplex_forest_lined_room_3,
          infiniplex_forest_straight_2, infiniplex_forest_lined_3,
          infiniplex_forest_lined_2, infiniplex_forest_lined_room_2,
          infiniplex_forest_fountain, infiniplex_forest_pool, uniq_sigmund

Skill      XL: |  1  2  3 |
---------------+----------+-----
Axes           | 4 |  4.7
Fighting       | 4 |  4.2
Armour         | 3 |  3.1
Dodging        | |  2.9

Action                   |  1- 3 |  4- 6 || total
-------------------------+-------+-------++-------
Melee: Hand axe          |    69 |       ||    69
       Headbutt          |    12 |       ||    12
Invok: Berserk           |     1 |       ||     1
 Stab: Sleeping          |     1 |       ||     1
Armor: Animal skin       |    12 |       ||    12
Dodge: Dodged            |    47 |       ||    47

Table legend:
 A = Spawn XP
 B = Non-spawn XP
 C = Spawn XP percentage of total XP
 D = Spawn monster count
 E = Non-spawn monster count
 F = Spawn count percentage of total count
 G = Total turns spent on level
                    A         B        C        D         E        F      G
               +---------+---------+-------+---------+---------+-------+---------
         Total |       0 |      98 |   0.0 |       0 |      39 |   0.0 |   825
               +---------+---------+-------+---------+---------+-------+---------
           D:1 |       0 |      60 |   0.0 |       0 |      31 |   0.0 |   751
           D:2 |       0 |      38 |   0.0 |       0 |       8 |   0.0 |    74
               +---------+---------+-------+---------+---------+-------+---------
